 Dungeon Crawl Stone Soup version 0.25-a0-834-g55863b0b92 (webtiles) character file.

Game seed: 12587447197878043538, levelgen mode: deterministic

219 Maedhros the Charlatan (level 5, -7/33 HPs)
             Began as an Octopode Artificer on Apr 22, 2020.
             Mangled by an ice beast (10 damage)
             ... on level 6 of the Dungeon.
             The game lasted 00:04:57 (808 turns).

Maedhros the Charlatan (Octopode Artificer)          Turns: 808, Time: 00:04:59

Health: -7/33      AC:  1    Str: 11    XL:     5   Next: 96%
Magic:  8/8        EV: 14    Int: 14    God:
Gold:   50         SH:  0    Dex: 13    Spells: 4/4 levels left

rFire    . . .     SeeInvis .   e - +1 short sword (vamp)
rCold    . . .     Gourm    .   (no shield)
rNeg     . . .     Faith    .   (helmet restricted)
rPois    .         Spirit   .   (no amulet)
rElec    .         Reflect  .   (no ring)
rCorr    .         Harm     .   (no ring)
MR       .....                  (no ring)
Stlth    ++++......             (no ring)
HPRegen  0.11/turn              (no ring)
MPRegen  0.11/turn              (no ring)
                                (no ring)
                                (no ring)

@: no status effects
A: almost no armour, stealthy swim, amphibious, 8 rings, constrict 8, camouflage
1, gelatinous body 1
a: no special abilities


You were on level 6 of the Dungeon.
You were not hungry.

You visited 1 branch of the dungeon, and saw 6 of its levels.

You collected 117 gold pieces.
You spent 67 gold pieces at shops.

Inventory:

Hand Weapons
 a - a +0 short sword
 e - a +1 vampiric short sword (weapon)
Missiles
 o - 4 curare-tipped darts (quivered)
 p - 7 poisoned darts
Wands
 b - a wand of flame (9)
 c - a wand of enslavement (14)
 d - a wand of random effects (15)
Scrolls
 g - 2 scrolls of immolation {unknown}
 h - a scroll of enchant weapon {unknown}
 i - a scroll of identify {unknown}
 j - a scroll of amnesia {unknown}
 k - a scroll of noise {unknown}
 l - 2 scrolls of blinking {unknown}
Potions
 m - a potion of resistance {unknown}
 n - 2 potions of might {unknown}
Comestibles
 f - 3 rations


   Skills:
 + Level 1.5 Fighting
 + Level 2.9 Short Blades
 + Level 2.8 Dodging
 + Level 4.2 Stealth
 + Level 4.6 Evocations


You had 4 spell levels left.
You didn't know any spells.
Your spell library contained the following spells:

 Spells                   Type           Power        Failure   Level  Hunger
 Magic Dart               Conj           #...         28%         1    ##.....
 Searing Ray              Conj           #.....       41%         2    ###....
 Dazzling Flash           Conj/Hex       #.....       65%         3    ####...
 Fulminant Prism          Conj/Hex       #.........   96%         4    #####..
 Iskenderun's Mystic Bla  Conj/Tloc      #.......     96%         4    #####..


Dungeon Overview and Level Annotations

Branches:
Dungeon (6/15)
 Temple: D:4-7

Altars:
Qazlal
Trog

Shops:
D:5 *   D:6 [


Innate Abilities, Weirdness & Mutations

You cannot wear most types of armour.
You are very stealthy in the water. (Stealth+)
You are amphibious.
You can wear up to eight rings at the same time.
You can use your tentacles to constrict eight enemies at once.
Your skin changes colour to match your surroundings (Stealth+).
Your rubbery body absorbs attacks. (AC +1, EV +1)


Message History

The ice beast hits you. The ice beast freezes you!
* * * LOW HITPOINT WARNING * * *
Evoke which item? (* to show all) (? for menu, Esc to quit)
Aiming: Throw Flame
Press: ? - help, Shift-Dir - straight line, f/p - ice beast
Aim: an ice beast (almost dead)
The puff of flame hits the ice beast but does no damage.
The ice beast is almost dead.
The ice beast closely misses you.
Evoke which item? (* to show all) (? for menu, Esc to quit)
Aiming: Throw Flame
Press: ? - help, Shift-Dir - straight line, f/p - ice beast
Aim: an ice beast (almost dead)
The puff of flame hits the ice beast.
The ice beast is almost dead.
A jackal comes into view.
The ice beast hits you.
* * * LOW HITPOINT WARNING * * *
The ice beast freezes you!
You die...

... ##.. ..
... .# ...
#.# ..# ##
.. #..#...
###.#......#
##.∩.....#
#...Y@.#
........##
.........
..?......#
.......#..
......# #..
.....# #.
h...# #.


You could see an ice beast and a jackal (wandering).

Vanquished Creatures
  A bullfrog zombie (D:5)
  3 worker ants
  Terence (D:2)
  7 adders
  A worm (D:2)
  A dart slug (D:2)
  A leopard gecko (D:2)
  2 orcs
  3 giant cockroaches (D:2)
  2 goblins (D:2)
  3 jackals (D:4)
  3 kobolds (D:2)
  2 ball pythons
  3 bats (D:2)
  A frilled lizard (D:2)
  A rat (D:2)
35 creatures vanquished.

Notes
Turn   | Place    | Note
-------+----------+-------------------------------------------
     0 | D:1      | Maedhros the Octopode Artificer began the quest for the
                  | Orb.
     0 | D:1      | Reached XP level 1. HP: 13/13 MP: 3/3
     2 | D:2      | Found a stormy altar of Qazlal.
     2 | D:2      | Noticed Terence
     9 | D:2      | Killed Terence
     9 | D:2      | Reached XP level 2. HP: 10/18 MP: 5/5
    10 | D:2      | Noticed a water elemental
    16 | D:2      | Noticed a fire elemental
    16 | D:2      | Noticed an earth elemental
    16 | D:2      | Noticed an air elemental
    66 | D:2      | Reached XP level 3. HP: 22/23 MP: 6/6
   325 | D:2      | Reached XP level 4. HP: 21/28 MP: 7/7
   557 | D:4      | Reached XP level 5. HP: 19/33 MP: 8/8
   612 | D:5      | Entered Level 5 of the Dungeon
   622 | D:5      | Found Buopnagh's Serpentskin Sales.
   628 | D:5      | Bought 4 curare-tipped darts for 31 gold pieces
   628 | D:5      | Bought 7 poisoned darts for 36 gold pieces
   710 | D:5      | Found a bloodstained altar of Trog.
   799 | D:6      | Found Paschuaseg's Armour Shop.
   799 | D:6      | Noticed an ice beast
   808 | D:6      | Mangled by an ice beast

Levels and vault maps discovered:
D:1:      dpeg_arrival_tiny_j, layout_rooms
D:2:      layout_basic, first_ration, nicolae_qazlal_style_of_elements,
          uniq_terence
D:3:      layout_loops_ring
D:4:      layout_basic, temple_green
D:5:      layout_layer_cave, kennysheep_little_box, guppyfry_shop_venom,
          uniq_edmund
D:6:      layout_layer_cave, portal_sewer_entry_f, serial_shops, shop,
          led_sif_book

Skill      XL: |  1  2  3  4  5 |
---------------+----------------+-----
Evocations     | 4 |  4.6
Stealth        | 3 4 |  4.2
Short Blades   | 2 |  2.9
Fighting       | |  1.5
Dodging        | |  2.8

Action                   |  1- 3 |  4- 6 || total
-------------------------+-------+-------++-------
Melee: Short sword       |    43 |    40 ||    83
       Constrict         |    10 |    12 ||    22
       Tentacles         |     4 |    14 ||    18
Evoke: Wand              |     1 |     6 ||     7
 Stab: Sleeping          |     6 |     4 ||    10
       Distracted        |     1 |       ||     1
Armor: Skin              |     6 |       ||     6
Dodge: Dodged            |    21 |    23 ||    44

Table legend:
 A = Non-vault XP
 B = Vault XP
 C = Vault XP percentage of total XP
 D = Non-vault monster count
 E = Vault monster count
 F = Vault count percentage of total count
                 A         B        C        D         E       F
            +---------+---------+-------+---------+---------+-------
      Total |     270 |      44 |  14.0 |      32 |       3 |   8.6
            +---------+---------+-------+---------+---------+-------
        D:2 |      89 |      29 |  24.6 |      22 |       1 |   4.3
        D:4 |      57 |       0 |   0.0 |       6 |       0 |   0.0
        D:5 |     124 |      15 |  10.8 |       4 |       2 |  33.3
            +---------+---------+-------+---------+---------+-------
